 Dungeon Crawl Stone Soup version 0.31-a0-636-ge1c0e020e0 (webtiles) character file.

Game seed: 12543500956929172115

56 bobo the Cutter (level 4, -10/29 HPs)
             Began as a Kobold Berserker on Aug 27, 2023.
             Was a Follower of Trog.
             Mangled by a gnoll
             ... wielding a +0 flail
              (12 damage)
             ... on level 2 of the Dungeon.
             The game lasted 00:05:31 (937 turns).

bobo the Cutter (Kobold Berserker)                   Turns: 937, Time: 00:05:32

Health: -10/29     AC:  4    Str: 11 (14) XL:     4   Next: 17%
Magic:  4/4        EV: 19    Int:  7 (8)  God:    Trog [*.....]
Gold:   31         SH:  0    Dex: 13 (16) Spells: 3/3 levels left

rFire   . . .        p - +1 short sword (elec)
rCold   . . .        (no shield)
rNeg    . . .        m - +0 leather armour
rPois   .            (no helmet)
rElec   .            n - +0 cloak
rCorr   .            (no gloves)
SInv    +            (no boots)
Will    .....        (no amulet)
Stlth   +++          e - ring of see invisible
HPRegen 0.24/turn    k - +5 ring of evasion
MPRegen 0.09/turn

%: no passive effects
@: on berserk cooldown, slowed, very slow
A: small, no large weapons, nightstalker 3
a: Renounce Religion, Berserk


You were on level 2 of the Dungeon.
You worshipped Trog.
Trog was aware of your devotion.
You visited 1 branch of the dungeon, and saw 2 of its levels.

You collected 31 gold pieces.

Inventory:

Hand Weapons
 b - a +1 short sword of speed
 p - a +1 short sword of electrocution (weapon)
Armour
 m - a +0 leather armour (worn)
 n - a +0 cloak (worn)
Jewellery
 e - a ring of see invisible (left hand)
 h - a +6 ring of strength
 k - a +5 ring of evasion (right hand)
Scrolls
 g - a scroll of fear {unknown}
 i - a scroll of enchant weapon {unknown}
 j - a scroll of revelation
Potions
 a - a potion of resistance
 d - a potion of curing {unknown}
 l - a potion of haste {unknown}
 o - a potion of magic {unknown}


   Skills:
 * Level 4.0 Fighting
 * Level 4.8 Short Blades
 - Level 1.5 Armour
 + Level 3.0 Dodging
 + Level 1.9 Stealth


You had 3 spell levels left.
You didn't know any spells.
Your spell library was empty.

Dungeon Overview and Level Annotations

Branches:
Dungeon (2/15)

Altars:

Shops:
D:2 :


Innate Abilities, Weirdness & Mutations

You are small and have problems with some larger weapons.
You are completely attuned to the shadows.


Message History

You have reached level 4!
You start resting.
You feel a strong urge to attack something.
You start resting.
You are no longer berserk.
You are exhausted.
You feel yourself slow down.
A quokka comes into view.
A quokka is nearby!
Things that are here:
a +0 spear; a gnoll corpse A gnoll comes into view.
It is wielding a +0 flail.
A gnoll comes into view. It is wielding a +0 whip.
The quokka barely misses you. The quokka completely misses you.
Things that are here:
a +0 spear; a gnoll corpse You miss the quokka.
The quokka bites you but does no damage.
The gnoll hits you with a +0 flail.
You barely miss the quokka. The quokka closely misses you.
A gnoll comes into view. It is wielding a +0 club.
The gnoll completely misses you.
As you read the scroll labelled ZAECKIO BUBOPP, it crumbles to dust.
You feel aware of your surroundings.
You sensed 1 altar.
It was a scroll of revelation.
The quokka misses you. The gnoll hits you with a +0 flail!
* * * LOW HITPOINT WARNING * * *
The quokka barely misses you. The gnoll hits you with a +0 flail.
* * * LOW HITPOINT WARNING * * *
Okay, then.
Okay, then.
As you read the scroll labelled DOSCHA XOTZOBOU, it crumbles to dust.
It is a scroll of identify.
a - a potion of resistance The quokka misses you. x2; The gnoll misses you.
It was a potion of degeneration.
There was something very wrong with that liquid.
You feel weakened.
You feel dopey.
You feel clumsy. The quokka completely misses you.
The gnoll hits you with a +0 flail!
You die...

**,,,,,,***,,,,,,,,,,,,,
*,,**,,,,,*,****,,,,,,,*
*,***,***,*,**,,,,,,*,,,
*****,*,,,,,*,,,**,,,,*,,,,,
*,,,,,,.###.#....,,,,*,,,,*,
*,.##.,...#.....#***,,,*,,,*
*..##.###.#.##..#**,,,*,,*,,
###..#*...#)r)##..##,*,*,*,*,*
####....####.#..@g.....,*,**,**,*
#................g...##,**,***,**
.#.....#####.#########****,****,*
###.##)#####.######## **,* *** #
##.#.....#.###############*****
###.##..#...................,*,,*
.#....#..#.#.###.#####.#....,,...
#............###.# #.#..##**#.#
####.............# #.##..## #.#


You could see 2 gnolls and a quokka.

Vanquished Creatures
  3 gnolls (D:2)
  5 bats (D:1)
  3 endoplasms
  3 giant cockroaches
  3 goblins (D:1)
  A hobgoblin (D:1)
  A quokka (D:1)
  A ball python (D:1)
  3 kobolds
  3 rats (D:1)
26 creatures vanquished.

Notes
Turn   | Place    | Note
-------+----------+-------------------------------------------
     0 | D:1      | bobo the Kobold Berserker began the quest for the Orb.
     0 | D:1      | Reached XP level 1. HP: 14/14 MP: 1/1
   101 | D:1      | Reached XP level 2. HP: 19/19 MP: 2/2
   185 | D:1      | Reached skill level 1 in Stealth
   509 | D:1      | Reached XP level 3. HP: 24/24 MP: 3/3
   763 | D:2      | Found Zumonk's Book Boutique.
   925 | D:2      | Reached XP level 4. HP: 22/29 MP: 4/4
   935 | D:2      | HP: 1/29 [gnoll/+0 flail (3)]
   937 | D:2      | Mangled by a gnoll

Illustrated notes

Levels and vault maps discovered:
D:1:      minmay_arrival_stair_chambers, layout_rooms
D:2:      layout_loops_ring, serial_shops, shop, basic_altar,
          hangedman_abyss_or_decor_stabs, minmay_misc_feat_square, minivault_27,
          minmay_increasing_density

Skill      XL: |  1  2  3 |
---------------+----------+-----
Stealth        | 1 |  1.9
Fighting       | 4 |  4.0
Dodging        | 3 |  3.0
Short Blades   | |  4.8
Armour         | |  1.5

Action                     |  1- 3 |  4- 6 || total
---------------------------+-------+-------++-------
  Melee: Short sword       |    52 |     2 ||    54
 Invoke: Berserk           |     2 |       ||     2
    Use: Scroll            |       |     2 ||     2
         Potion            |       |     1 ||     1
   Stab: Sleeping          |    13 |       ||    13
 Armour: Animal skin       |     5 |       ||     5
         Leather armour    |     5 |     1 ||     6
  Dodge: Dodged            |    34 |    10 ||    44

Table legend: (Time is in decaauts)
 A = Elapsed time spent in this place.
 B = Non-inter-level travel time spent in this place.
 C = Inter-level travel time spent in this place.
 D = Time resting spent in this place.
 E = Time spent auto-exploring this place.
 F = Levels seen in this place.
 G = Mean time per level.
                   A        B        C        D        E       F      G
               +--------+--------+--------+--------+--------+-----+--------+
         Total |    933 |    904 |     29 |     13 |    670 |   2 |  466.5 |
       Dungeon |    933 |    904 |     29 |     13 |    670 |   2 |  466.5 |
               +--------+--------+--------+--------+--------+-----+--------+

Top non-repeatable levels by time:
     D:1: 583 daAuts
     D:2: 350 daAuts
